 Dungeon Crawl Stone Soup version 0.23.1 (webtiles) character file.

Game seed: 1961497339956085977

194 vishdafish the Skirmisher (level 5, -4/57 HPs)
             Began as an Ogre Fighter on Mar 16, 2019.
             Slain by a big kobold
             ... wielding a +0 short sword
              (8 damage)
             ... in a sewer.
             The game lasted 00:03:20 (2139 turns).

vishdafish the Skirmisher (Ogre Fighter)            Turns: 2139, Time: 00:03:21

Health: -4/57      AC:  3    Str: 19 (21) XL:     5   Next: 73%
Magic:  5/5        EV:  8    Int:  8 (9)  God:
Gold:   235        SH:  8    Dex:  7 (10) Spells: 4/4 levels left

rFire    . . .     SeeInvis .   a - +0 long sword
rCold    . . .     Gourm    .   c - +0 shield
rNeg     . . .     Faith    .   b - +0 robe
rPois    .         Spirit   .   (helmet restricted)
rElec    .         Reflect  .   (no cloak)
rCorr    .         Harm     .   (gloves unavailable)
MR       .....                  (boots unavailable)
Stlth    +.........             (no amulet)
HPRegen  0.19/turn              j - +2 ring of dexterity
MPRegen  0.09/turn              (no ring)

@: about to teleport
A: large, unfitting armour, tough skin 1
a: no special abilities


You were in a sewer.
You were very hungry.

You visited 1 branch of the dungeon, and saw 3 of its levels.
You also visited: Sewer.

You collected 235 gold pieces.

Inventory:

Hand Weapons
 a - a +0 long sword (weapon)
Armour
 b - a +0 robe (worn)
 c - a +0 shield (worn)
Jewellery
 j - a +2 ring of dexterity (left hand)
Scrolls
 d - 2 scrolls of identify
 i - 2 scrolls of fog
 m - a scroll of remove curse
 n - a scroll of random uselessness
 r - a scroll of noise
Potions
 k - a potion of degeneration
Comestibles
 f - 8 rations


   Skills:
 + Level 5.0 Fighting
 * Level 3.3 Long Blades
 + Level 3.5 Dodging
 + Level 3.6 Shields


You had 4 spell levels left.
You didn't know any spells.
Your spell library was empty.

Dungeon Overview and Level Annotations

Branches:
Dungeon (3/15)

Altars:
Nemelex Xobeh
Qazlal
Ru


Innate Abilities, Weirdness & Mutations

You are too large for most types of armour.
You have tough skin. (AC +1)


Message History

You kill the adder!
You hit the big kobold but do no damage.
The big kobold hits you with a +0 short sword!
* * * LOW HITPOINT WARNING * * *
You closely miss the big kobold. You block the big kobold's attack.
You barely miss the big kobold.
The big kobold hits you with a +0 short sword!
* * * LOW HITPOINT WARNING * * *
Okay, then.
As you read the scroll of teleportation, it crumbles to dust.
You feel strangely unstable. The big kobold closely misses you.
You barely miss the big kobold.
The big kobold hits you with a +0 short sword.
* * * LOW HITPOINT WARNING * * *
You slash the big kobold!
The big kobold is moderately wounded.
The big kobold hits you with a +0 short sword.
* * * LOW HITPOINT WARNING * * *
The big kobold hits you with a +0 short sword!
You die...

≈≈≈≈≈≈.(..##
≈≈≈≈≈≈≈≈....#
#≈≈≈≈≈≈≈≈....#
#≈≈≈≈≈≈.≈....#
#≈≈≈≈≈≈.....##
#≈≈≈≈≈.....#
.#≈≈≈≈≈≈...##
.≈≈≈≈≈≈....####
..≈≈≈≈≈≈..###@#
.≈≈≈≈≈≈≈..###K#
.≈≈≈≈≈≈....#.K#
..≈≈≈≈≈≈.....##
..≈≈≈≈≈......#
...≈≈≈......##
..≈≈≈≈......##
..≈≈≈≈.......##
...≈≈≈........##


You could see a big kobold and a kobold.

Vanquished Creatures
  An ogre (D:3)
  4 adders
  2 river rats (Sewer)
  3 leopard geckos
  A giant cockroach (D:1)
  5 goblins
  6 hobgoblins
  6 jackals (D:3)
  7 kobolds
  A quokka (D:2)
  5 bats
  3 frilled lizards
  7 rats
  A plant (D:1)
52 creatures vanquished.

Notes
Turn   | Place    | Note
-------+----------+-------------------------------------------
     0 | D:1      | vishdafish the Ogre Fighter began the quest for the Orb.
     0 | D:1      | Reached XP level 1. HP: 24/24 MP: 1/1
    54 | D:1      | Reached XP level 2. HP: 24/32 MP: 2/2
   570 | D:1      | Reached XP level 3. HP: 34/39 MP: 3/3
   781 | D:2      | Found a sparkling altar of Nemelex Xobeh.
   799 | D:2      | Found a stormy altar of Qazlal.
  1474 | D:2      | Reached XP level 4. HP: 49/49 MP: 4/4
  1546 | D:3      | Noticed an ogre
  1571 | D:3      | Killed an ogre
  1571 | D:3      | Reached XP level 5. HP: 30/55 MP: 5/5
  1671 | D:3      | Found a sacrificial altar of Ru.
  2000 | D:3      | Found a glowing drain.
  2017 | Sewer    | Entered a sewer
  2072 | Sewer    | Reached skill level 5 in Fighting
  2091 | Sewer    | Noticed a big kobold
  2139 | Sewer    | Slain by a big kobold

Skill      XL: |  1  2  3  4  5 |
---------------+----------------+-----
Shields        | 3 |  3.6
Long Blades    | 2 3 |  3.3
Dodging        | 3 |  3.5
Fighting       | 5 |  5.0

Action                   |  1- 3 |  4- 6 || total
-------------------------+-------+-------++-------
Melee: Long sword        |   150 |    73 ||   223
  Use: Potion            |       |     8 ||     8
       Scroll            |       |     6 ||     6
 Stab: Sleeping          |     1 |       ||     1
  Eat: Chunk             |     1 |     2 ||     3
Armor: Robe              |    22 |    24 ||    46
Dodge: Dodged            |    26 |    39 ||    65
Block: Shield            |    47 |    39 ||    86
       Rpst.: Long sword |     5 |    15 ||    20
